 Dungeon Crawl Stone Soup version 0.28-a0-664-gc179e30c89 (webtiles) character file.

Game seed: 8468787972256092527

12012 kipponium the Slicer (level 11, -14/64 HPs)
             Began as a Demonspawn Brigand on Oct 15, 2021.
             Was a Priest of Hepliaklqana.
             Demolished by a death yak (27 damage)
             ... on level 10 of the Dungeon.
             The game lasted 00:52:06 (12940 turns).

kipponium the Slicer (Demonspawn Brigand)          Turns: 12940, Time: 00:52:06

Health: -14/64     AC:  4    Str: 18    XL:     11   Next: 56%
Magic:  11/11      EV: 12    Int: 19    God:    Hepliaklqana [***...]
Gold:   884        SH:  8    Dex: 23    Spells: 2/10 levels left

rFire   . . .      SeeInvis .   H - +7 rapier of the Hills {vorpal, Int+4}
rCold   . . .      Faith    .   v - +2 buckler
rNeg    . . .      Spirit   .   o - +1 robe of Refuge {rPois Dex+2}
rPois   +          Reflect  .   (helmet restricted)
rElec   .          Harm     .   c - +0 cloak
rCorr   .          Rampage  .   (no gloves)
Will    .....                   (no boots)
Stlth   +++.......              f - amulet of magic regeneration
HPRegen 0.20/turn               J - +6 ring of strength
MPRegen 0.37/turn               F - +6 ring of dexterity

@: about to teleport
A: reduced essence, horns 1, foul stench 2, demonic magic 2
a: Renounce Religion, Recall Ancestor, Ancestor Identity, Transference


You were on level 10 of the Dungeon.
You worshipped Hepliaklqana.
Hepliaklqana was most pleased with you.
You visited 2 branches of the dungeon, and saw 12 of its levels.

You collected 884 gold pieces.

Inventory:

Hand Weapons
 H - the +7 rapier of the Hills (weapon) {vorpal, Int+4}
   (You found it on level 6 of the Dungeon)

   It inflicts extra damage upon your enemies.
   Int:       It affects your intelligence (+4).
 P - a +1 dagger of venom
Missiles
 d - 39 poisoned darts (quivered)
 e - 10 curare-tipped darts
 s - 3 atropa-tipped darts
Armour
 b - +0 acid dragon scales
 c - a +0 cloak (worn)
 o - the +1 robe of Refuge (worn) {rPois Dex+2}
   (You found it on level 10 of the Dungeon)

   Dex:       It affects your dexterity (+2).
   rPois:     It protects you from poison.
 v - a +2 buckler (worn)
Jewellery
 f - an amulet of magic regeneration (around neck)
 A - a ring of poison resistance
 F - a +6 ring of dexterity (right hand)
 J - a +6 ring of strength (left hand)
 R - a ring of fire
Wands
 k - a wand of iceblast (15)
 u - a wand of flame (42)
 y - a wand of acid (16)
 K - a wand of mindburst (14)
 N - a wand of paralysis (1)
 Q - a wand of polymorph (15)
Scrolls
 g - 2 scrolls of enchant armour {unknown}
 j - 4 scrolls of immolation
 n - 2 scrolls of magic mapping
 p - a scroll of holy word {unknown}
 q - a scroll of brand weapon {unknown}
 r - 2 scrolls of teleportation
 w - a scroll of amnesia {unknown}
 x - a scroll of summoning {unknown}
 B - 2 scrolls of blinking {unknown}
 D - 3 scrolls of enchant weapon {unknown}
 G - a scroll of torment {unknown}
 O - a scroll of noise {unknown}
 S - a scroll of vulnerability {unknown}
 T - a scroll of identify
Potions
 a - a potion of cancellation
 h - 2 potions of degeneration {unknown}
 i - 2 potions of attraction {unknown}
 l - 2 potions of berserk rage {unknown}
 m - a potion of resistance
 t - a potion of curing
 z - 3 potions of heal wounds {unknown}
 C - 3 potions of brilliance {unknown}
 I - a potion of haste
 L - a potion of flight
 M - a potion of lignification
Miscellaneous
 E - a box of beasts


   Skills:
 - Level 2.0 Fighting
 + Level 12.4 Short Blades
 - Level 1.7 Throwing
 - Level 0.8 Dodging
 - Level 3.6 Stealth
 - Level 4.0 Shields
 - Level 5.0 Conjurations
 - Level 10.0 Air Magic


You had 2 spell levels left.
You knew the following spells:

 Your Spells              Type           Power      Damage    Failure   Level
a - Shock                 Conj/Air       100%       1d9       1%          1
b - Airstrike             Air            19%        N/A       3%          4
c - Vampiric Draining     Necr           0%         2d6       52%         3

Your spell library contained the following spells:

 Spells                   Type           Power      Damage    Failure   Level
 Foxfire                  Conj/Fire      36%        2x1d5     8%          1
 Animate Skeleton         Necr           0%         N/A       21%         1
 Pain                     Necr           0%         1d4       21%         1
 Passwall                 Tmut/Erth      0%         N/A       30%         2
 Swiftness                Air            38%        N/A       1%          3
 Mephitic Cloud           Conj/Pois/Air  19%        N/A       8%          3
 Conjure Flame            Conj/Fire      9%         6-21      22%         3
 Ignite Poison            Fire/Tmut/Pois 0%         N/A       52%         3
 Inner Flame              Hex/Fire       0%         N/A       52%         3
 Teleport Other           Tloc           0%         N/A       52%         3
 Flame Wave               Conj/Fire      9%         3d4       58%         4
 Freezing Cloud           Conj/Ice/Air   9%         6-21      58%         5
 Animate Dead             Necr           0%         N/A       90%         4
 Cause Fear               Hex            0%         N/A       90%         4
 Borgnjor's Vile Clutch   Necr/Erth      0%         N/A       99%         5
 Death Channel            Necr           0%         N/A       100%        6
 Invisibility             Hex            0%         N/A       100%        6
 Spellforged Servitor     Conj/Summ      4%         N/A       100%        7
 Discord                  Hex            0%         N/A       100%        8
 Dragon's Call            Summ           0%         N/A       100%        9


Dungeon Overview and Level Annotations

Branches:
Dungeon (11/15)            Temple (1/1) D:6            Lair (0/6) D:11
    Orc: D:9-12

Altars:
Ashenzari
Cheibriados
Fedhas
Hepliaklqana
Kikubaaqudgha
Yredelemnul
The Shining One

Shops:
D:4 *   D:6 *   D:7 (


Innate Abilities, Weirdness & Mutations

Your life essence is reduced to manifest your ancestor. (-10% HP)
You have a pair of small horns on your head.
You sometimes emit foul miasma when damaged in melee.
Spells you cast may paralyse nearby enemies.


Message History

Aiming: Airstrike (dangerous; 3% risk of failure)
Press: ? - help, Dir - move target, f/p - death yak
Aim: a death yak (moderately wounded, ally target, empty space bonus: 7/8)
The air twists around and strikes the death yak!
The death yak is heavily wounded.
Malevolent energies surge around you.
The death yak suddenly stops moving!
The helpless death yak fails to defend itself.
You stick the death yak like a pincushion!!!
You kill the death yak!
You start resting.
Magic restored.
You start resting.
HP restored.
d - 39 poisoned darts (gained 1) Partly explored, can't reach some places.
Partly explored, can't reach some places.
You enter the shallow water.
Moving in this stuff is going to be slow.
There is an open door here.
There is a stone staircase leading down here.
You climb downwards.
The rat bites Nebetia.
The troll barely misses you. You block the troll's attack. The troll claws you.
The quokka barely misses you.
The rat bites Nebetia.
The troll bites you! The troll completely misses you. The troll claws you.
The death yak gores you!
You emit a cloud of foul miasma!
There is a stone staircase leading up, spattered with blood here.
Nebetia gestures at the rat while chanting.
The rat seems to slow down.
The troll bites you but does no damage. The troll misses you.
The troll claws you but does no damage.
The rat bites Nebetia.
The death yak is engulfed in dark miasma.
The death yak is poisoned.
The death yak closely misses you. x2
You climb upwards.
There is a stone staircase leading down here.
As you read the scroll of teleportation, it crumbles to dust.
You feel strangely unstable. The troll bites you. The troll barely misses you.
The troll closely misses you. The death yak gores you!
* * * LOW HITPOINT WARNING * * *
The death yak gores you!!
You die...

.......≈≈≈≈≈≈≈≈≈≈....##...##...≈#
.P.P...≈≈≈≈≈≈≈≈≈≈≈......8......≈#
......†≈≈≈≈≈≈≈≈≈≈≈≈...........≈≈#
..P.P..≈≈≈≈≈≈≈≈≈≈≈≈≈...........≈#
.......≈≈≈≈..≈≈≈≈≈≈≈≈..........≈≈
P.P...≈≈≈≈.....###≈≈≈≈...........
......≈≈≈≈....##.##≈≈≈≈..........
..P...≈≈≈≈≈..##T..##≈≈≈..........
....P≈≈≈≈≈≈..#..@..#≈≈≈..........
P...P≈≈≈≈≈≈..##YRY##≈≈≈....####..
P.P.P.≈≈≈≈≈...'#.##≈≈≈≈....#..#..
..P...≈≈≈≈≈....###.≈≈≈≈....#..#..
P...P.≈≈≈≈≈........≈≈≈≈....#[##..
P...P.≈≈≈≈≈........≈≈≈≈..........
P...P.≈≈≈≈≈........≈≈≈≈..........
..P....≈≈≈≈≈.......≈≈≈≈..........
.................................


You could see the friendly Nebetia the hexer, 2 death yaks and a troll
(drained).

Vanquished Creatures
  2 two-headed ogres (D:10)
  A death yak (D:10)
  Pikel (D:7)
  2 manticores (D:10)
  A merfolk (D:10)
  2 hornets
  3 trolls (D:10)
  2 wyverns (D:10)
  9 yaks
  An acid dragon (D:10)
  A water moccasin (D:6)
  4 sky beasts
  6 orc warriors
  9 black bears
  A necrophage (D:7)
  2 ogres
  A lemure (D:7)
  6 centaurs
  6 kobold brigands
  8 bullfrogs
  A scorpion (D:7)
  A water moccasin skeleton (D:5)
  A wight (D:7)
  4 killer bees (D:8)
  11 electric eels
  A bullfrog zombie (D:6)
  2 jellies
  A bullfrog skeleton (D:5)
  2 centaur skeletons (D:4)
  6 orc priests
  2 gnoll shamans (D:10)
  A hound (D:5)
  8 iguanas
  9 orc wizards
  A hell rat (D:10)
  A hound skeleton (D:5)
  Robin (D:3)
  7 adders
  3 river rats
  A shadow imp (D:8)
  A white imp (D:7)
  An adder skeleton (D:5)
  A worm (D:5)
  21 orcs
  6 bats
  3 endoplasms
  3 giant cockroaches
  20 goblins
  9 hobgoblins
  4 jackals
  2 quokkas
  8 ball pythons
  2 frilled lizards (D:2)
  28 kobolds
  12 rats
253 creatures vanquished.

Vanquished Creatures (collateral kills)
  A yak (D:9)
  2 black bears (D:10)
  2 centaurs (D:10)
  A killer bee (D:8)
  A howler monkey (D:8)
  2 orc priests (D:9)
  2 orc wizards
  An orc (D:8)
  2 kobolds
14 creatures vanquished.

Vanquished Creatures (others)
  8 hexers
  55 plants (D:10)
63 creatures vanquished.

Grand Total: 330 creatures vanquished

Notes
Turn   | Place    | Note
-------+----------+-------------------------------------------
     0 | D:1      | kipponium the Demonspawn Brigand began the quest for the
                  | Orb.
     0 | D:1      | Reached XP level 1. HP: 16/16 MP: 1/1
    79 | D:1      | Reached skill level 2 in Short Blades
    94 | D:1      | Found a faded altar of an unknown god.
   264 | D:1      | Gained mutation: Spells you cast may paralyse adjacent
                  | enemies. [demonic ancestry]
   264 | D:1      | Reached XP level 2. HP: 22/22 MP: 2/2
   538 | D:1      | Reached skill level 3 in Short Blades
   771 | D:2      | Gained mutation: You may rarely emit foul miasma when
                  | damaged in melee. [demonic ancestry]
   771 | D:2      | Reached XP level 3. HP: 20/27 MP: 3/3
  1386 | D:2      | Learned a level 1 spell: Shock
  2098 | D:3      | Reached XP level 4. HP: 33/33 MP: 2/4
  2567 | D:3      | Noticed Robin
  2577 | D:3      | Reached skill level 1 in Conjurations
  2588 | D:3      | Killed Robin
  2589 | D:3      | Reached skill level 4 in Short Blades
  2589 | D:3      | Reached skill level 1 in Air Magic
  3016 | D:4      | Reached XP level 5. HP: 31/38 MP: 2/5
  3341 | D:4      | Found Efritik's Assorted Antiques.
  3520 | D:5      | Entered Level 5 of the Dungeon
  3766 | D:5      | Reached XP level 6. HP: 43/44 MP: 2/6
  4260 | D:5      | Gained mutation: You have a pair of small horns on your
                  | head. [demonic ancestry]
  4260 | D:5      | Reached XP level 7. HP: 50/50 MP: 5/7
  4289 | D:5      | Got the Guide on Calling and Translocation
  4800 | D:6      | Reached skill level 5 in Conjurations
  4963 | D:6      | Learned a level 4 spell: Airstrike
  4998 | D:6      | Reached skill level 5 in Short Blades
  4998 | D:6      | Gained mutation: Spells you cast may paralyse nearby
                  | enemies. [demonic ancestry]
  4998 | D:6      | Reached XP level 8. HP: 46/56 MP: 4/8
  5000 | D:6      | Reached skill level 5 in Air Magic
  5103 | D:6      | Found a staircase to the Ecumenical Temple.
  5269 | Temple   | Entered the Ecumenical Temple
  5283 | Temple   | Became a worshipper of Hepliaklqana the Forgotten
  5384 | D:6      | Found Utimu's Lightly-Used Armoury.
  5478 | D:6      | Identified the +7 rapier of the Hills {vorpal, Int+4}
  5866 | D:7      | Reached * piety under Hepliaklqana
  5866 | D:7      | Noticed Pikel
  5874 | D:7      | Killed Pikel
  5875 | D:7      | Reached skill level 6 in Short Blades
  6042 | D:7      | Reached XP level 9. HP: 54/54 MP: 4/9
  6088 | D:7      | Found Qereun's Antique Weapon Shop.
  6659 | D:8      | Reached skill level 1 in Shields
  7399 | D:8      | Reached ** piety under Hepliaklqana
  7400 | D:8      | Remembered your ancestor Nebetia as a hexer
  7563 | D:9      | Reached skill level 7 in Short Blades
  8433 | D:9      | Gained mutation: You sometimes emit foul miasma when
                  | damaged in melee. [demonic ancestry]
  8433 | D:9      | Reached XP level 10. HP: 60/60 MP: 2/10
  8982 | D:9      | Reached skill level 10 in Air Magic
  8984 | D:9      | Reached skill level 8 in Short Blades
  9246 | D:9      | Found an ancient bone altar of Kikubaaqudgha.
  9403 | D:10     | Entered Level 10 of the Dungeon
  9441 | D:10     | Identified the +1 robe of Refuge {rPois Dex+2}
  9803 | D:10     | Noticed a manticore
  9811 | D:10     | Noticed a manticore
  9812 | D:10     | Killed a manticore
  9813 | D:10     | Reached skill level 9 in Short Blades
 10042 | D:10     | Noticed a two-headed ogre
 10076 | D:10     | Killed a two-headed ogre
 10140 | D:10     | Reached skill level 10 in Short Blades
 10187 | D:10     | Reached *** piety under Hepliaklqana
 10356 | D:10     | Learned a level 3 spell: Vampiric Draining
 10703 | D:10     | Reached XP level 11. HP: 52/64 MP: 3/11
 11121 | D:10     | Noticed a two-headed ogre
 11137 | D:10     | Killed a two-headed ogre
 11138 | D:10     | Reached skill level 11 in Short Blades
 11993 | D:10     | Reached skill level 12 in Short Blades
 12139 | D:10     | Found a blossoming altar of Fedhas.
 12616 | D:11     | Noticed a death yak
 12618 | D:11     | Noticed a death yak
 12705 | D:11     | Noticed a death yak
 12705 | D:11     | Found a staircase to the Lair.
 12777 | D:10     | Killed a death yak
 12940 | D:10     | Demolished by a death yak

Illustrated notes

Levels and vault maps discovered:
D:1:      saegor_arrival_miasma, layout_rooms,
          hellmonk_ecumenical_altar_prayer_group
D:2:      layout_basic, minmay_three_crescents
D:3:      layout_loops_cross, minmay_pentomino_pile, uniq_robin
D:4:      layout_cave_pools, serial_column_ruins, column_ruins_hut_water,
          column_ruins_square_medium, column_ruins_corridor_plus,
          column_ruins_grid_4, column_ruins_open_medium, column_ruins_grid_1,
          serial_shops, nicolae_lakefront_shop
D:5:      layout_gridville
D:6:      layout_rooms, temple_doors_e, minmay_shop_damaged, fountainhead
D:7:      layout_gridville, serial_shops, shop, kennysheep_generic_room_6,
          uniq_pikel
D:8:      layout_cave_pools
D:9:      layout_basic, kiku_gazebo_pond_becter
D:10:     kennysheep_town
D:11:     lemuel_ice_spiral_2, layout_rooms, dpeg_lair_monsters,
          kennysheep_orc_monster_closet_entryway
Temple:   nicolae_temple_the_god_donut

Skill      XL: |  1  2  3  4  5  6  7  8  9 10 11 |
---------------+----------------------------------+-----
Short Blades   | 2 3 4 5 6 7 10 12 | 12.4
Conjurations   | 1 2 3 5 |  5.0
Air Magic      | 1 2 3 4 7 9 10 | 10.0
Shields        | 2 4 |  4.0
Fighting       | |  2.0
Throwing       | |  1.7
Dodging        | |  0.8
Stealth        | |  3.6

Action                   |  1- 3 |  4- 6 |  7- 9 | 10-12 || total
-------------------------+-------+-------+-------+-------++-------
Melee: Dagger            |   125 |    56 |    23 |       ||   204
       Headbutt          |       |       |     3 |    15 ||    18
       Rapier            |       |       |    49 |    80 ||   129
Throw: Dart              |     3 |       |    10 |     7 ||    20
 Cast: Shock             |     9 |    61 |    96 |   118 ||   284
       Airstrike         |       |       |     7 |    49 ||    56
Invok: Ancestor Life: He |       |       |     1 |       ||     1
       Recall Ancestor   |       |       |       |     1 ||     1
Evoke: Wand              |       |       |     3 |     4 ||     7
  Use: Potion            |       |       |     2 |       ||     2
       Scroll            |       |       |       |     9 ||     9
 Stab: Sleeping          |     9 |     6 |     6 |     6 ||    27
       Paralysed         |     2 |    19 |    27 |    31 ||    79
       Distracted        |       |       |       |     1 ||     1
       Confused          |       |       |       |     1 ||     1
Armor: Robe              |    23 |    19 |    11 |    13 ||    66
Dodge: Dodged            |    40 |    26 |    34 |    31 ||   131
Block: Buckler           |       |       |    21 |    27 ||    48

Table legend: (Time is in decaauts)
 A = Elapsed time spent in this place.
 B = Non-inter-level travel time spent in this place.
 C = Inter-level travel time spent in this place.
 D = Time resting spent in this place.
 E = Time spent auto-exploring this place.
 F = Levels seen in this place.
 G = Mean time per level.
                   A        B        C        D        E       F      G
               +--------+--------+--------+--------+--------+-----+--------+
         Total |  12895 |  12508 |    387 |   4637 |   5156 |  12 | 1074.6 |
       Dungeon |  12872 |  12491 |    381 |   4637 |   5156 |  11 | 1170.2 |
        Temple |     22 |     16 |      6 |      0 |      0 |   1 |   22.0 |
               +--------+--------+--------+--------+--------+-----+--------+

Top non-repeatable levels by time:
    D:10: 3498 daAuts
     D:8: 1697 daAuts
     D:3: 1194 daAuts
     D:6: 1133 daAuts
     D:9: 1067 daAuts
     D:2: 1065 daAuts
     D:7: 984 daAuts
     D:5: 967 daAuts
     D:1: 680 daAuts
     D:4: 561 daAuts
  Temple: 22 daAuts
    D:11: 21 daAuts
